 Dungeon Crawl Stone Soup version 0.17.1-3-g152610e (webtiles) character file.

21947 Heskey the Grappler (level 12, -1/126 HPs)
             Began as a Troll Monk on Mar 25, 2016.
             Was the Champion of Qazlal.
             Slain by a nine-headed hydra (11 damage)
             ... on level 4 of the Lair of Beasts.
             The game lasted 00:31:37 (11913 turns).

Heskey the Grappler (Troll Monk)                   Turns: 11913, Time: 00:31:38

Health: -1/126     AC: 10    Str: 25    XL:     12   Next: 58%
Magic:  14/14      EV: 15    Int:  6    God:    Qazlal [******]
Gold:   359        SH:  8    Dex: 13    Spells: 0 memorised, 11 levels left

rFire  . . .     SeeInvis .       - Unarmed
rCold  . . .     Clarity  +     (armour restricted)
rNeg   + . .     SustAt   .     (no shield)
rPois  .         Gourm    +     (helmet restricted)
rElec  .         Spirit   .     s - +1 cloak
rCorr  .         Warding  .     (gloves unavailable)
rMut   .         Stasis   .     (boots unavailable)
MR     .....                    c - amulet of clarity
Stlth  +.........               (no ring)
                                d - ring of positive energy

@: about to teleport, protected from physical damage, repel missiles, drained,
not resistant to hostile enchantments, very unstealthy
A: unfitting armour, claws 3, yellow scales 1, fast metabolism 3, gourmand,
regeneration 2, shaggy fur 1, tough skin 2
a: Upheaval, Elemental Force, Disaster Area, Renounce Religion


You were on level 4 of the Lair of Beasts.
You worshipped Qazlal.
Qazlal was exalted by your worship.
You were very full.

You visited 2 branches of the dungeon, and saw 16 of its levels.
You also visited: Sewer.

You collected 1019 gold pieces.
You spent 660 gold pieces at shops.

Inventory:

Armour
 s - a +1 cloak (worn)
 A - a +0 troll leather armour
Jewellery
 c - an amulet of clarity (around neck)
 d - a ring of positive energy (left claw)
 e - an uncursed ring of fire
Wands
 n - a wand of confusion (20)
 q - a wand of disintegration (15)
 t - a wand of magic darts (47)
 w - a wand of polymorph (8)
 C - a wand of teleportation (3)
 D - a wand of confusion (28)
 H - a wand of random effects (26)
 J - a wand of heal wounds (6)
 K - a wand of draining (7)
 L - a wand of fire (7)
Scrolls
 k - 7 scrolls of remove curse
 o - 2 scrolls of enchant weapon
 r - 11 scrolls of identify
 u - 3 scrolls of teleportation
 v - 6 scrolls of fog
 y - 2 scrolls of recharging
 F - a scroll of fear
 G - 3 scrolls of amnesia
Potions
 a - a potion of might
 f - 5 potions of agility
 h - 3 potions of flight
 l - 5 potions of curing
 p - a potion of heal wounds
 B - 3 potions of brilliance
 E - a potion of cancellation
 I - a potion of beneficial mutation
Books
 g - a Grand Grimoire

   Spells                             Type                      Level
   a - Monstrous Menagerie            Summoning                    6
   b - Summon Greater Demon           Summoning                    7
   c - Malign Gateway                 Summoning/Translocation      7
   d - Summon Horrible Things         Summoning                    8
 i - a book of the Earth

   Spells                             Type                      Level
   a - Leda's Liquefaction            Hexes/Earth                  4
   b - Bolt of Magma                  Conjuration/Fire/Earth       5
   c - Statue Form                    Transmutation/Earth          6
   d - Iron Shot                      Conjuration/Earth            6
   e - Shatter                        Earth                        9
 j - a book of Flames

   Spells                             Type                      Level
   a - Flame Tongue                   Conjuration/Fire             1
   b - Throw Flame                    Conjuration/Fire             2
   c - Conjure Flame                  Conjuration/Fire             3
   d - Inner Flame                    Hexes/Fire                   3
   e - Sticky Flame                   Conjuration/Fire             4
   f - Fireball                       Conjuration/Fire             5
Comestibles
 b - 15 bread rations
 m - 7 meat rations
 x - 3 fruits
 z - a royal jelly
 M - a beef jerky
 N - a chunk of flesh


   Skills:
 + Level 10.1(10.0) Fighting
 - Level 3.0 Armour
 + Level 10.1(10.0) Dodging
 - Level 1.1(1.0) Stealth
 + Level 12.2(12.0) Unarmed Combat
 + Level 4.1(4.0) Invocations
 + Level 2.4(2.3) Evocations


You had 11 spell levels left.
You didn't know any spells.

Dungeon Overview and Level Annotations

Branches:
Dungeon (12/15)            Temple (0/1) D:7            Lair (4/8) D:10
 Spider (0/4) Lair:4          Orc (0/4) D:10
  Swamp: Lair:3-6    Shoals: Lair:3-6

Altars:
Cheibriados
Elyvilon
Fedhas
Kikubaaqudgha
Makhleb
Qazlal
Ru
Sif Muna
Trog
Xom
Zin
Beogh

Shops:
D:7 [   D:10 (   D:12 }[(

Annotations:
D:10 exclusion: obsidian statue


Innate Abilities, Weirdness & Mutations

You are too large for most types of armour.
You have claws for hands.
Your metabolism is lightning-fast.
You like to eat raw meat.
You heal very quickly.
You are covered in fur (AC +1).
You have very tough skin (AC +2).
You are partially covered in yellow scales (AC +2).


Message History

The nine-headed hydra bites you.
You feel more protected from physical attacks.
Evoke which item? (* to show all) (? for menu, Esc to quit)
Okay, then.
Read which item? (? for menu, Esc to quit)
As you read the scroll of teleportation, it crumbles to dust.
You feel strangely unstable.
The nine-headed hydra barely misses you.
You block the nine-headed hydra's attack.
The nine-headed hydra bites you!
* * * LOW HITPOINT WARNING * * *
The nine-headed hydra bites you!
* * * LOW HITPOINT WARNING * * *
You block the nine-headed hydra's attack.
The nine-headed hydra barely misses you.
The nine-headed hydra bites you!
* * * LOW HITPOINT WARNING * * *
You feel more protected from physical attacks.
The nine-headed hydra bites you!
You die...

..###.P.............#
....................#
.....(..............##
.....................#
..P#.#...............#
.P#####...........[.##
.## #.........§..§..# .#
#P..........§§.## .##
##........§@...# ..#
##.........§D§..#
..####........§§.§...#
..##..#.............#.#
........................
........................
........................
#######.##.#P.#..#.#####
.## #####


You could see a nine-headed hydra.

Vanquished Creatures
  Harold (D:10)
  2 hydras
  The ghost of emiel the Covert, a journeyman OpEn of Cheibriados (D:10)
  An unseen horror (D:12)
  2 hill giants (D:12)
  Pikel (D:5)
  A gargoyle (D:12)
  A spiny frog (Lair:3)
  A fire drake (D:10)
  3 komodo dragons
  2 tengu conjurers (D:11)
  Grinder (D:5)
  A polar bear (Lair:2)
  2 trolls (D:11)
  3 blink frogs (Lair:4)
  A two-headed ogre (D:12)
  A deep elf mage (D:10)
  A wraith (D:12)
  Sigmund (D:5)
  6 yaks (D:10)
  2 spriggans
  2 basilisks
  Grum (D:11)
  A wyvern (D:12)
  Menkaure (D:6)
  11 wolves
  6 hippogriffs
  A soldier ant (D:12)
  3 ice beasts
  6 black bears
  4 water moccasins
  5 porcupines
  2 slaves
  4 sky beasts
  7 orc warriors
  A centaur (D:12)
  6 ogres
  6 crocodiles
  3 big kobolds
  A wyvern zombie (D:12)
  10 giant frogs
  5 scorpions
  A water moccasin skeleton (D:11)
  2 electric eels
  3 wights (D:11)
  7 killer bees
  4 crimson imps
  A quasit (D:7)
  5 hounds
  5 orc priests
  A centaur zombie (D:8)
  A giant frog skeleton (D:7)
  3 jellies
  3 centaur skeletons
  Crazy Yiuf (D:7)
  3 giant frog zombies
  9 orc wizards
  Jessica (D:3)
  7 iguanas
  6 hell rats (Lair:4)
  2 killer bee zombies (D:6)
  13 sheep
  8 worker ants
  2 worker ant zombies
  4 hound skeletons
  28 river rats
  18 adders
  3 shadow imps
  3 adder skeletons
  5 worms (D:2)
  2 giant geckos
  42 orcs
  2 giant cockroaches (D:6)
  6 hobgoblins
  4 jackals (D:2)
  19 kobolds
  4 quokkas
  3 ball pythons (Sewer)
  5 bats
  7 giant newts
  7 goblins
  25 rats
  2 bushes (D:7)
  12 fungi
  2 plants (Lair:4)
412 creatures vanquished.

Vanquished Creatures (collateral kills)
  A hydra (Lair:3)
1 creature vanquished.

Vanquished Creatures (others)
  An ogre (D:5)
  A scorpion (D:5)
  2 hounds (D:5)
  A worker ant (D:5)
  An adder (D:5)
  A quokka (D:5)
  A jackal (D:5)
  4 fungi
  A plant (Lair:2)
13 creatures vanquished.

Grand Total: 426 creatures vanquished

Notes
Turn   | Place    | Note
--------------------------------------------------------------
     0 | D:1      | Heskey the Troll Monk began the quest for the Orb.
     0 | D:1      | Reached XP level 1. HP: 22/22 MP: 0/0
    11 | D:1      | Noticed an electric eel
    11 | D:1      | Noticed an electric eel
   225 | D:1      | Reached XP level 2. HP: 29/29 MP: 1/1
   663 | D:2      | Found a white marble altar of Elyvilon.
   787 | D:2      | Reached XP level 3. HP: 21/36 MP: 2/2
  1133 | D:3      | Reached XP level 4. HP: 45/45 MP: 3/3
  1591 | D:3      | Noticed Jessica
  1596 | D:3      | Killed Jessica
  1596 | D:3      | Reached skill level 5 in Unarmed Combat
  1596 | D:3      | Reached XP level 5. HP: 53/53 MP: 4/4
  2169 | D:4      | Found a sacrificial altar of Ru.
  2526 | D:4      | Reached XP level 6. HP: 56/62 MP: 5/5
  2562 | D:4      | Found a stormy altar of Qazlal.
  2648 | D:4      | Became a worshipper of Qazlal Stormbringer
  2648 | D:4      | Reached * piety under Qazlal
  2648 | D:4      | Reached ** piety under Qazlal
  2683 | D:5      | Entered Level 5 of the Dungeon
  2755 | D:5      | Reached skill level 6 in Unarmed Combat
  2755 | D:5      | Reached XP level 7. HP: 70/70 MP: 6/6
  2757 | D:5      | Found a shimmering altar of Xom.
  2858 | D:5      | Noticed Pikel
  2982 | D:5      | Killed Pikel
  2982 | D:5      | Reached skill level 5 in Fighting
  2982 | D:5      | Reached skill level 5 in Dodging
  2982 | D:5      | Reached skill level 7 in Unarmed Combat
  2982 | D:5      | Reached XP level 8. HP: 13/80 MP: 7/7
  3315 | D:5      | Noticed Grinder
  3316 | D:5      | Paralysed by Grinder for 7 turns
  3342 | D:5      | Killed Grinder
  3395 | D:5      | Noticed Sigmund
  3408 | D:5      | Killed Sigmund
  3762 | D:6      | Found a glowing drain.
  3830 | Sewer    | Entered a sewer
  3873 | Sewer    | Reached skill level 8 in Unarmed Combat
  3919 | Sewer    | Reached XP level 9. HP: 83/89 MP: 8/8
  3956 | Sewer    | Reached *** piety under Qazlal
  4482 | D:6      | Gained mutation: You are partially covered in yellow scales (AC +2). [potion of beneficial mutation]
  4606 | D:6      | Noticed Menkaure
  4614 | D:6      | Killed Menkaure
  4927 | D:6      | Found a blossoming altar of Fedhas.
  5097 | D:7      | Reached **** piety under Qazlal
  5097 | D:7      | Reached skill level 9 in Unarmed Combat
  5209 | D:7      | Found a bloodstained altar of Trog.
  5230 | D:7      | Found Rumnykust's Armour Emporium.
  5386 | D:7      | Found a staircase to the Ecumenical Temple.
  5852 | D:7      | Found a glowing silver altar of Zin.
  5853 | D:7      | Found a sacrificial altar of Ru.
  5900 | D:7      | Noticed Crazy Yiuf
  5907 | D:7      | Killed Crazy Yiuf
  6096 | D:8      | Reached XP level 10. HP: 92/102 MP: 9/9
  6336 | D:8      | Found an ancient bone altar of Kikubaaqudgha.
  6443 | D:8      | Found a burning altar of Makhleb.
  6478 | D:8      | Found a deep blue altar of Sif Muna.
  7067 | D:10     | Entered Level 10 of the Dungeon
  7106 | D:10     | Noticed Harold
  7116 | D:10     | Killed Harold
  7116 | D:10     | Reached skill level 10 in Unarmed Combat
  7210 | D:10     | Reached ***** piety under Qazlal
  7308 | D:10     | Found Ilusov's Antique Weapon Boutique.
  7323 | D:10     | Found a staircase to the Lair.
  7456 | D:10     | Noticed emiel's ghost (journeyman OpEn)
  7462 | D:10     | Killed emiel's ghost
  7536 | D:10     | Found a roughly hewn altar of Beogh.
  7536 | D:10     | Found a staircase to the Orcish Mines.
  7771 | D:10     | Reached XP level 11. HP: 101/113 MP: 10/10
  7864 | D:10     | Noticed an obsidian statue
  8001 | D:10     | Found a snail-covered altar of Cheibriados.
  8218 | D:11     | Reached skill level 11 in Unarmed Combat
  8327 | D:11     | Noticed Grum
  8332 | D:11     | Killed Grum
  8670 | D:12     | Found Ilurerakk's Gadget Boutique.
  8682 | D:12     | Bought a wand of heal wounds (6) for 660 gold pieces
  8683 | D:12     | Noticed a hill giant
  8688 | D:12     | Killed a hill giant
  8812 | D:12     | Found Teni's Armour Boutique.
  8928 | D:12     | Killed an unseen horror
  8988 | D:12     | Reached skill level 1 in Invocations
  9011 | D:12     | Noticed a hill giant
  9011 | D:12     | Noticed a seven-headed hydra
  9175 | D:12     | Killed a 13-headed hydra
  9175 | D:12     | Reached skill level 1 in Armour
  9225 | D:12     | Killed a hill giant
  9488 | D:12     | Found Guzac's Antique Weapon Boutique.
  9586 | Lair:1   | Entered Level 1 of the Lair of Beasts
  9732 | Lair:1   | Reached XP level 12. HP: 92/126 MP: 12/12
 10150 | Lair:2   | Noticed a six-headed hydra
 10301 | Lair:2   | Killed a 17-headed hydra
 10301 | Lair:2   | Reached skill level 1 in Evocations
 11081 | Lair:3   | Noticed a seven-headed hydra
 11166 | Lair:3   | Killed a seven-headed hydra
 11166 | Lair:3   | Reached skill level 12 in Unarmed Combat
 11291 | Lair:3   | Reached skill level 10 in Fighting
 11291 | Lair:3   | Reached skill level 10 in Dodging
 11605 | Lair:4   | Found a hole to the Spider Nest.
 11687 | Lair:4   | Reached ****** piety under Qazlal
 11902 | Lair:4   | Noticed a four-headed hydra
 11913 | Lair:4   | Slain by a nine-headed hydra

Action                   |  1- 3 |  4- 6 |  7- 9 | 10-12 || total
-------------------------+-------+-------+-------+-------++-------
Melee: Unarmed           |    92 |    76 |   367 |   595 ||  1130
Invok: Upheaval          |       |       |       |     2 ||     2
       Elemental Force   |       |       |       |     1 ||     1
Evoke: Wand              |       |       |       |    14 ||    14
  Use: Scroll            |       |     8 |     4 |    13 ||    25
       Potion            |       |       |    10 |    10 ||    20
 Stab: Sleeping          |     3 |     3 |       |       ||     6
       Confused          |       |       |       |     4 ||     4
       Held in net/web   |       |       |       |     2 ||     2
       Paralysed         |       |       |       |     1 ||     1
  Eat: Bread ration      |     1 |       |       |     1 ||     2
       Chunk             |     3 |     9 |    33 |    51 ||    96
       Meat ration       |       |     1 |       |       ||     1
       Beef jerky        |       |       |       |     2 ||     2
       Royal jelly       |       |       |       |     1 ||     1
